 Dungeon Crawl Stone Soup version 0.28-a0-1616-g050a50673c (webtiles) character file.

Game seed: 6398391279143228889

53 grumblor the Skirmisher (level 3, -9/30 HPs)
             Began as a Mummy Fighter on Jan 22, 2022.
             Mangled by a gnoll (10 damage)
             ... on level 2 of the Dungeon.
             The game lasted 00:02:04 (1255 turns).

grumblor the Skirmisher (Mummy Fighter)             Turns: 1255, Time: 00:02:04

Health: -9/30      AC:  7    Str: 27    XL:     3   Next: 64%
Magic:  3/3        EV:  9    Int:  7    God:
Gold:   18         SH:  4    Dex: 11    Spells: 2/2 levels left

rFire   . . .      SeeInvis .   a - +0 war axe
rCold   + + .      Faith    .   c - +0 buckler
rNeg    + + +      Spirit   .   b - +0 scale mail
rPois   ∞          Reflect  .   (no helmet)
rElec   .          Harm     .   f - scarf {rC+ rF+}
rCorr   .          Rampage  .   i - +0 pair of gloves
Will    .....                   (no boots)
Stlth   ..........              (no amulet)
HPRegen 0.10/turn               k - +6 ring of strength
MPRegen 0.08/turn               (no ring)

@: no status effects
A: cold resistance 1, negative energy resistance 3, torment resistance 2, heat
vulnerability 1, no potions
a: no special abilities


You were on level 2 of the Dungeon.
You visited 1 branch of the dungeon, and saw 2 of its levels.

You collected 18 gold pieces.

Inventory:

Hand Weapons
 a - a +0 war axe (weapon)
Missiles
 d - 10 poisoned darts (quivered)
 e - 5 javelins
 j - 2 boomerangs
Armour
 b - a +0 scale mail (worn)
 c - a +0 buckler (worn)
 f - a scarf of resistance (worn)
 i - a +0 pair of gloves (worn)
Jewellery
 k - a +6 ring of strength (left hand)
Scrolls
 g - a scroll of vulnerability {unknown}
 h - a scroll of teleportation


   Skills:
 * Level 4.1 Fighting
 + Level 2.2 Axes
 * Level 0.6 Throwing
 - Level 2.4 Armour
 - Level 2.4 Shields


You had 2 spell levels left.
You didn't know any spells.
Your spell library contained the following spells:

 Spells                   Type           Power      Damage    Failure   Level
 Confusing Touch          Hex            0%         N/A       99%         3
 Yara's Violent Unravell  Hex/Tmut       0%         3d3       100%        5
 Enfeeble                 Hex            0%         N/A       100%        7


Dungeon Overview and Level Annotations

Branches:
Dungeon (2/15)

Altars:


Innate Abilities, Weirdness & Mutations

You are immune to poison.
Your flesh is cold resistant. (rC+)
You are immune to negative energy. (rN+++)
You are immune to unholy pain and torment.
You are vulnerable to heat. (rF-)
You do not drink.


Message History

A ball python comes into view.
The ball python hisses angrily.
Found 8 gold pieces and a robe.
There is an open door here.
You slash the ball python!
You kill the ball python!
No target in view!
No target in view!
No target in view!
No target in view!
You now have 18 gold pieces (gained 8).
There is an open door here.
As you open the door, it creaks loudly!
A gnoll and a frilled lizard come into view.
The gnoll shouts!
The frilled lizard hisses angrily.
Found a book of Frost and 11 gold pieces.
You slash the frilled lizard!
You kill the frilled lizard!
The gnoll hits you with a +0 halberd.
There is an open door here.
You closely miss the gnoll. The gnoll closely misses you.
You barely miss the gnoll. The gnoll hits you with a +0 halberd!
The gnoll closely misses you.
You closely miss the gnoll. The gnoll hits you with a +0 halberd!
* * * LOW HITPOINT WARNING * * *
You are too injured to fight recklessly!
You are too injured to fight recklessly!
You are too injured to fight recklessly!
You hit the gnoll but do no damage. The gnoll barely misses you.
You aren't carrying any items that you can evoke.
You hit the gnoll.
The gnoll is lightly wounded.
The gnoll hits you with a +0 halberd.
* * * LOW HITPOINT WARNING * * *
The gnoll hits you with a +0 halberd.
* * * LOW HITPOINT WARNING * * *
You slash the gnoll!
The gnoll is almost dead.
The gnoll hits you with a +0 halberd!
You die...

..# # #.# ##.#### ..# #.#
#.# ..# #.# .. #.# #.#
... #... #.#### #### ...
##### #....# #...## ...
##### ##...##.....# ###
....# #...#....... .##.#
+...@g...:.. ....#
#...#....... ....#
#...##.....# #...# #...#
#$..## ##### ##### #...#
#####
#######...###...###...##
....##.....##...##.....##
###.#.......#...#.......#
#...#..).)..'...'.......#


You could see a gnoll.

Vanquished Creatures
  An adder (D:2)
  2 worms (D:2)
  2 dart slugs (D:1)
  4 endoplasms
  3 giant cockroaches
  A goblin (D:1)
  2 hobgoblins (D:2)
  4 kobolds
  3 ball pythons
  4 bats
  6 frilled lizards
  4 rats
36 creatures vanquished.

Notes
Turn   | Place    | Note
-------+----------+-------------------------------------------
     0 | D:1      | grumblor the Mummy Fighter began the quest for the Orb.
     0 | D:1      | Reached XP level 1. HP: 18/18 MP: 1/1
     8 | D:1      | You fall into a shaft and drop 1 floor!
    58 | D:2      | Reached XP level 2. HP: 22/24 MP: 2/2
   272 | D:1      | Found a faded altar of an unknown god.
   283 | D:1      | Reached XP level 3. HP: 26/30 MP: 3/3
   861 | D:2      | Reached skill level 4 in Fighting
  1254 | D:2      | HP: 1/30 [gnoll (3)]
  1255 | D:2      | Mangled by a gnoll

Illustrated notes

Levels and vault maps discovered:
D:1:      lemuel_arrival_tunnels, layout_rooms, ebering_ecumenical_altar_hall
D:2:      kennysheep_six_static_rooms, layout_basic, lemuel_old_faithful

Skill      XL: |  1  2  3 |
---------------+----------+-----
Axes           | 2 |  2.2
Fighting       | 4 |  4.1
Throwing       | |  0.6
Armour         | |  2.4
Shields        | |  2.4

Action                   || total
-------------------------++-------
Melee: War axe           ||   110
  Use: Scroll            ||     1
Armor: Scale mail        ||    59
Dodge: Dodged            ||    47
Block: Buckler           ||    27

Table legend: (Time is in decaauts)
 A = Elapsed time spent in this place.
 B = Non-inter-level travel time spent in this place.
 C = Inter-level travel time spent in this place.
 D = Time resting spent in this place.
 E = Time spent auto-exploring this place.
 F = Levels seen in this place.
 G = Mean time per level.
                   A        B        C        D        E       F      G
               +--------+--------+--------+--------+--------+-----+--------+
         Total |   1303 |   1272 |     31 |      0 |    958 |   2 |  651.5 |
       Dungeon |   1303 |   1272 |     31 |      0 |    958 |   2 |  651.5 |
               +--------+--------+--------+--------+--------+-----+--------+

Top non-repeatable levels by time:
     D:1: 751 daAuts
     D:2: 552 daAuts
